 Seeded DCSS version 0.28-a0-1190-g77e1c55843 (webtiles) character file.

Game seed: 4018878354053487559 (custom seed)

141 croobank the Skirmisher (level 5, -2/45 HPs)
             Began as a Draconian Monk on Dec 19, 2021.
             Slain by an orc warrior (7 damage)
             ... on level 4 of the Dungeon.
             The game lasted 00:16:30 (2990 turns).

croobank the Skirmisher (Draconian Monk)            Turns: 2990, Time: 00:16:31

Health: -2/45      AC: 10    Str: 14    XL:     5   Next: 3%
Magic:  3/8        EV: 12    Int: 12    God:
Gold:   94         SH:  0    Dex: 13    Spells: 2/8 levels left

rFire   . . .      SeeInvis .   a - +0 hand axe
rCold   . . .      Faith    .   (no shield)
rNeg    . . .      Spirit   .   (armour unavailable)
rPois   .          Reflect  .   (helmet restricted)
rElec   .          Harm     .   g - +0 cloak
rCorr   .          Rampage  .   (no gloves)
Will    .....                   (no boots)
Stlth   +++.......              (no amulet)
HPRegen 0.15/turn               j - +4 ring of protection
MPRegen 0.11/turn               (no ring)

@: on blink cooldown
A: AC +5, unfitting armour, cold-blooded, camouflage 1
a: no special abilities


You were on level 4 of the Dungeon.
You visited 1 branch of the dungeon, and saw 4 of its levels.

You collected 94 gold pieces.

Inventory:

Hand Weapons
 a - a +0 hand axe (weapon)
 f - a +2 whip of freezing
Missiles
 c - 87 stones (quivered)
 d - 6 boomerangs
 k - 30 sling bullets
Armour
 g - a +0 cloak (worn)
Magical Staves
 h - a staff of poison
Jewellery
 j - a +4 ring of protection (left hand)
Scrolls
 b - 4 scrolls of identify {identify, unknown}
 i - 5 scrolls of teleportation {teleport, unknown}
Potions
 e - 2 potions of curing {curing}
 m - a potion of brilliance {brilliance, unknown}


   Skills:
 - Level 3.6 Fighting
 - Level 3.3 Axes
 + Level 0.2 Slings
 - Level 3.0 Dodging
 - Level 2.2 Stealth
 - Level 2.2 Spellcasting
 - Level 2.2 Hexes


You had 2 spell levels left.
You knew the following spells:

 Your Spells              Type           Power      Damage    Failure   Level
a - Slow                  Hex            24%        N/A       11%         1
b - Confusing Touch       Hex            6%         N/A       32%         3
c - Blink                 Tloc           2%         N/A       38%         2

Your spell library contained the following spells:

 Spells                   Type           Power      Damage    Failure   Level
 Sting                    Tmut/Pois      4%         1d3       26%         1
 Poisonous Vapours        Pois/Air       2%         N/A       38%         2
 Stone Arrow              Conj/Erth      2%         3d7       63%         3
 Vampiric Draining        Necr           1%         2d6       63%         3
 Olgreb's Toxic Radiance  Pois           1%         N/A       95%         4
 Manifold Assault         Tloc           1%         N/A       100%        5
 Storm Form               Tmut/Air       0%         N/A       100%        7
 Lehudib's Crystal Spear  Conj/Erth      0%         10d2      100%        8
 Animate Armour           Summ/Erth      Unusable   N/A       N/A         4

Dungeon Overview and Level Annotations

Branches:
Dungeon (4/15)
 Temple: D:4-7

Altars:

Shops:
D:2 (


Innate Abilities, Weirdness & Mutations

Your plain brown scales are hard. (AC +5)
You cannot fit into any form of body armour.
You are cold-blooded and may be slowed by cold attacks.
Your skin changes colour to match your surroundings (Stealth+).


Message History

The orc wizard casts a spell at you. The puff of flame hits you.
* * * LOW HITPOINT WARNING * * *
An orc priest comes into view. It is wielding a +0 club.
Casting: Slow (safe; 11% risk of failure)
Confirm with . or Enter, or press ? or * to list all spells.
You blink.
An orc warrior comes into view. It is wielding a +0 hand axe.
The orc warrior barely misses you.
There are monsters nearby!
It was a potion of curing {curing}.
You feel better.
The orc warrior hits you with a +0 dire flail!
* * * LOW HITPOINT WARNING * * *
The orc barely misses you.
The orc wizard casts a spell.
The orc wizard flickers and vanishes!
Deactivating autopickup; reactivate with Ctrl-A.
Okay, then.
Casting: Blink (dangerous; 38% risk of failure)
Confirm with . or Enter, or press ? or * to list all spells.
You are still too unstable to blink.
The orc misses you.
Found an escape hatch in the floor.
You feel stable enough to blink again.
Found a stone staircase leading down.
There is an escape hatch in the floor here.
Casting: Blink (dangerous; 38% risk of failure)
Confirm with . or Enter, or press ? or * to list all spells.
You blink.
The orc priest looks satisfied for a moment.
The orc warrior misses you.
You feel stable enough to blink again.
Found a stone staircase leading down.
Found a ring mail.
Casting: Blink (dangerous; 38% risk of failure)
Confirm with . or Enter, or press ? or * to list all spells.
You blink.
There is a stone staircase leading down here.
The orc warrior hits you with a +0 dire flail!
You die...

#.# #.. #.# # #.# #.#
#.# # #o# #.# #.# ##.##
#.# #ยง#
#..o####>######.##
..#..o.o.o..{..>.#######
#...####.......o........
..#..# ########ooo.###
.###.# #.@#.# # ###
#[###+# ... #.#. #. #


You could see 2 orc warriors and 2 orcs.

Vanquished Creatures
  Terence (D:2)
  Natasha (D:3)
  Robin (D:2)
  2 adders (D:3)
  An ufetubus (D:4)
  A worm (D:3)
  6 bats
  5 endoplasms
  2 giant cockroaches
  10 goblins
  3 hobgoblins
  6 kobolds
  6 quokkas
  2 ball pythons
  3 rats (D:1)
50 creatures vanquished.

Notes
Turn   | Place    | Note
-------+----------+-------------------------------------------
     0 | D:1      | croobank the Draconian Monk began the quest for the Orb.
     0 | D:1      | Reached XP level 1. HP: 19/19 MP: 1/1
   221 | D:1      | Reached XP level 2. HP: 21/26 MP: 2/2
   732 | D:2      | Gained mutation: Your skin changes colour to match your
                  | surroundings (Stealth+). [potion of mutation]
   736 | D:2      | Found a faded altar of an unknown god.
   775 | D:2      | Found Ungyky's Weapon Shop.
   880 | D:2      | Learned a level 1 spell: Slow
  1020 | D:2      | Reached XP level 3. HP: 28/28 MP: 3/3
  1220 | D:2      | Noticed Terence
  1236 | D:2      | Noticed Robin
  1255 | D:2      | Killed Robin
  1256 | D:2      | Reached skill level 1 in Spellcasting
  1256 | D:2      | Reached skill level 1 in Hexes
  1512 | D:2      | Killed Terence
  1513 | D:2      | Reached XP level 4. HP: 18/39 MP: 4/6
  2022 | D:3      | Learned a level 3 spell: Confusing Touch
  2494 | D:3      | Noticed Natasha
  2523 | D:3      | Killed Natasha
  2836 | D:4      | Reached XP level 5. HP: 40/45 MP: 8/8
  2839 | D:4      | Learned a level 2 spell: Blink
  2938 | D:4      | Noticed an orc warrior
  2968 | D:4      | Noticed an orc warrior
  2969 | D:4      | HP: 2/45 [orc warrior (13)]
  2990 | D:4      | Slain by an orc warrior

Illustrated notes

Levels and vault maps discovered:
D:1:      psy_arrival_conway, layout_rooms
D:2:      layout_loops_cross, dreamdust_ecumenical_altar_statues, serial_shops,
          shop, corexii_corridor_pit, uniq_robin, uniq_terence
D:3:      layout_loops_ring, roderic_serpentine_path, uniq_natasha
D:4:      layout_loops_ring, minmay_temple_entry_hall, kennysheep_generic_room_5

Skill      XL: |  1  2  3  4 |
---------------+-------------+-----
Stealth        | 2 |  2.2
Dodging        | 3 |  3.0
Spellcasting   | 1 2 |  2.2
Hexes          | 1 2 |  2.2
Fighting       | |  3.6
Axes           | |  3.3
Slings         | |  0.2

Action                   |  1- 3 |  4- 6 || total
-------------------------+-------+-------++-------
Melee: Hand axe          |   126 |    68 ||   194
       Tailslap          |    14 |     9 ||    23
 Cast: Slow              |       |    11 ||    11
       Blink             |       |     3 ||     3
  Use: Potion            |     1 |     1 ||     2
       Scroll            |       |     2 ||     2
 Stab: Sleeping          |     8 |       ||     8
Armor: Skin              |    61 |    33 ||    94
Dodge: Dodged            |    77 |    64 ||   141

Table legend: (Time is in decaauts)
 A = Elapsed time spent in this place.
 B = Non-inter-level travel time spent in this place.
 C = Inter-level travel time spent in this place.
 D = Time resting spent in this place.
 E = Time spent auto-exploring this place.
 F = Levels seen in this place.
 G = Mean time per level.
                   A        B        C        D        E       F      G
               +--------+--------+--------+--------+--------+-----+--------+
         Total |   3022 |   2953 |     69 |    731 |   1392 |   4 |  755.5 |
       Dungeon |   3022 |   2953 |     69 |    731 |   1392 |   4 |  755.5 |
               +--------+--------+--------+--------+--------+-----+--------+

Top non-repeatable levels by time:
     D:2: 1114 daAuts
     D:3: 1005 daAuts
     D:1: 722 daAuts
     D:4: 180 daAuts
